 Dungeon Crawl Stone Soup version 0.20.1-1-g8b1a95d (webtiles) character file.

2154 Stelteck the Thaumaturge (level 9, -3/45 HPs)
             Began as a Deep Elf Wizard on Sept 7, 2017.
             Slain by a centaur (9 damage)
             ... on level 7 of the Dungeon on Sept 8, 2017.
             The game lasted 00:46:15 (8449 turns).

Stelteck the Thaumaturge (Deep Elf Wizard)          Turns: 8449, Time: 00:46:16

Health: -3/45      AC:  2    Str:  4    XL:     9   Next: 10%
Magic:  11/23      EV: 15    Int: 27    God:
Gold:   273        SH:  0    Dex: 13    Spells: 12/25 levels left

rFire    . . .     SeeInvis .   k - +4 short sword (venom)
rCold    . . .     Gourm    +   (no shield)
rNeg     . . .     Faith    .   a - +0 robe
rPois    .         Spirit   .   b - +0 hat
rElec    .         Reflect  .   (no cloak)
rCorr    .         Harm     .   (no gloves)
MR       .....                  (no boots)
Stlth    +++.......             u - amulet of the gourmand
Regen    0.2/turn               (no ring)
MPRegen  0.2/turn               (no ring)

@: no status effects
A: no striking features
a: no special abilities


You were on level 7 of the Dungeon.
You were very full.

You visited 1 branch of the dungeon, and saw 7 of its levels.

You collected 273 gold pieces.

Inventory:

Hand Weapons
 k - a +4 short sword of venom (weapon)
Missiles
 f - 2 throwing nets (quivered)
 h - 5 javelins
Armour
 a - a +0 robe (worn)
 b - a +0 hat (worn)
 t - a +0 buckler
Jewellery
 u - an amulet of the gourmand (around neck)
Wands
 g - a wand of digging (8/24)
 p - a wand of lightning (0/15)
 x - a wand of polymorph (5/24)
Scrolls
 e - a scroll of identify
 i - a scroll of remove curse
 r - a scroll of teleportation
 w - 2 scrolls of blinking
Potions
 l - a potion of flight
 m - a potion of resistance
 n - a potion of curing
 o - a potion of ambrosia
 s - a potion of mutation
 v - a potion of agility
Books
 c - a book of Minor Magic

   Spells                             Type                      Level
   a - Magic Dart                     Conjuration                  1
   b - Blink                          Translocation                2
   c - Call Imp                       Summoning                    2
   d - Slow                           Hexes                        2
   e - Conjure Flame                  Conjuration/Fire             3
   f - Mephitic Cloud                 Conjuration/Poison/Air       3
Comestibles
 d - 6 bread rations
 j - 4 royal jellies


   Skills:
 + Level 6.1 Dodging
 * Level 5.5 Stealth
 + Level 8.7 Spellcasting
 - Level 4.3 Conjurations
 - Level 5.3 Hexes
 + Level 3.9 Summonings
 - Level 1.1 Translocations
 - Level 2.8 Fire Magic
 - Level 3.1 Air Magic
 - Level 2.0 Poison Magic
 - Level 1.6 Evocations


You had 12 spell levels left.
You knew the following spells:

 Your Spells              Type           Power        Failure   Level  Hunger
a - Magic Dart            Conj           ####         1%          1    None
b - Blink                 Tloc           N/A          4%          2    None
c - Call Imp              Summ           ####....     1%          2    None
d - Slow                  Hex            #####...     1%          2    None
e - Conjure Flame         Conj/Fire      ####....     3%          3    None
f - Mephitic Cloud        Conj/Pois/Air  ####....     4%          3    None


Dungeon Overview and Level Annotations

Branches:
Dungeon (7/15)
 Temple: D:4-7

Altars:
Kikubaaqudgha
Okawaru


Message History

Aim: a centaur (lightly wounded, slow)
The magic dart hits the centaur.
The centaur is moderately wounded.
The centaur closely misses you.
Your crimson imp closely misses the centaur.
Casting: Magic Dart
Confirm with . or Enter, or press ? or * to list all spells.
Aiming: Magic Dart
Press: ? - help, Shift-Dir - straight line, f/p - centaur
Aim: a centaur (moderately wounded, slow)
The magic dart hits the centaur.
The centaur is severely wounded.
The centaur hits you!
* * * LOW HITPOINT WARNING * * *
Your crimson imp closely misses the centaur.
Casting: Magic Dart
Confirm with . or Enter, or press ? or * to list all spells.
A shadowy apparition takes form in the air.
The centaur hits you!
You die...

≈c.......
...≈≈...# #
.≈≈..≈..# .#
≈..†.≈..##.####
...≈≈..F......#
..≈≈..........#
##(......#
###c.(.....#
#5@.5......#
####<...####
####.# .# #


You could see a centaur, a friendly crimson imp and a friendly shadow imp.

Vanquished Creatures
  Pikel (D:4)
  An ice beast (D:5)
  An orc warrior (D:6)
  A black bear (D:6)
  2 phantoms (D:6)
  3 ogres
  A centaur (D:6)
  3 bullfrogs
  A howler monkey (D:7)
  A crimson imp (D:6)
  A bullfrog zombie (D:6)
  A quasit (D:5)
  A centaur skeleton (D:6)
  An orc priest (D:6)
  4 hounds
  An orc wizard (D:6)
  A bullfrog skeleton (D:6)
  2 iguanas
  2 worker ants
  A hound skeleton (D:6)
  5 gnolls
  9 adders
  A shadow imp (D:6)
  A worm (D:2)
  9 orcs
  7 giant cockroaches
  5 goblins
  9 hobgoblins
  6 kobolds
  A quokka (D:6)
  2 ball pythons (D:5)
  8 bats
  5 frilled lizards
  A leopard gecko skeleton (D:6)
  6 rats
105 creatures vanquished.

Vanquished Creatures (collateral kills)
  Eustachio (D:4)
  A scorpion (D:4)
  A worker ant (D:6)
  An adder (D:6)
  2 worms
  An orc (D:6)
  A quokka (D:4)
8 creatures vanquished.

Vanquished Creatures (others)
  An adder skeleton (D:4)
1 creature vanquished.

Grand Total: 114 creatures vanquished

Notes
Turn   | Place    | Note
-------+----------+-------------------------------------------
     0 | D:1      | Stelteck the Deep Elf Wizard began the quest for the Orb.
     0 | D:1      | Reached XP level 1. HP: 10/10 MP: 7/7
   777 | D:1      | Reached XP level 2. HP: 15/15 MP: 3/9
   840 | D:1      | Learned a level 2 spell: Blink
   843 | D:1      | Learned a level 2 spell: Call Imp
   846 | D:1      | Learned a level 2 spell: Slow
  1316 | D:1      | Reached XP level 3. HP: 19/19 MP: 3/10
  1483 | D:1      | Learned a level 3 spell: Conjure Flame
  2117 | D:2      | Reached XP level 4. HP: 24/24 MP: 10/12
  3730 | D:4      | Reached skill level 5 in Spellcasting
  3730 | D:4      | Reached XP level 5. HP: 12/28 MP: 0/14
  3918 | D:4      | Noticed Eustachio
  3954 | D:5      | Entered Level 5 of the Dungeon
  4140 | D:4      | Noticed an ogre
  4147 | D:4      | Killed an ogre
  4147 | D:4      | Reached skill level 1 in Fire Magic
  4268 | D:4      | Killed Eustachio
  4268 | D:4      | Reached skill level 5 in Stealth
  4268 | D:4      | Reached XP level 6. HP: 20/32 MP: 2/16
  4393 | D:4      | Learned a level 3 spell: Mephitic Cloud
  4744 | D:4      | Noticed a slave
  4746 | D:4      | Noticed Pikel
  4752 | D:4      | Noticed a slave
  4764 | D:4      | Killed Pikel
  4764 | D:4      | Reached skill level 6 in Spellcasting
  4764 | D:4      | Reached XP level 7. HP: 28/36 MP: 0/18
  5171 | D:5      | Found an iron altar of Okawaru.
  5488 | D:5      | Reached skill level 1 in Evocations
  5785 | D:5      | Reached skill level 7 in Spellcasting
  6437 | D:6      | Reached XP level 8. HP: 32/41 MP: 16/20
  6666 | D:6      | Found an ancient bone altar of Kikubaaqudgha.
  6906 | D:6      | Reached skill level 1 in Air Magic
  6906 | D:6      | Reached skill level 1 in Poison Magic
  7181 | D:6      | Reached skill level 5 in Dodging
  7636 | D:6      | Reached skill level 8 in Spellcasting
  7819 | D:6      | Reached skill level 5 in Hexes
  8072 | D:6      | Reached XP level 9. HP: 37/45 MP: 18/23
  8449 | D:7      | Slain by a centaur

Skill      XL: |  1  2  3  4  5  6  7  8 |
---------------+-------------------------+-----
Conjurations   | 2 3 4 |  4.3
Stealth        | 3 4 5 |  5.5
Spellcasting   | 5 6 7 8 |  8.7
Fire Magic     | 2 |  2.8
Dodging        | 3 4 6 |  6.1
Hexes          | 4 5 |  5.3
Summonings     | 2 3 |  3.9
Evocations     | 1 |  1.6
Air Magic      | 3 |  3.1
Poison Magic   | 2 |  2.0
Translocations | |  1.1

Action                   |  1- 3 |  4- 6 |  7- 9 || total
-------------------------+-------+-------+-------++-------
Melee: Club              |     2 |       |       ||     2
       Short sword       |    25 |    39 |    42 ||   106
 Cast: Magic Dart        |    60 |    73 |   224 ||   357
       Slow              |     1 |     2 |     4 ||     7
       Call Imp          |       |    13 |    12 ||    25
       Blink             |       |     2 |     3 ||     5
       Conjure Flame     |       |     2 |     6 ||     8
       Mephitic Cloud    |       |     1 |     3 ||     4
Evoke: Wand              |       |       |     6 ||     6
  Use: Scroll            |     2 |    10 |    10 ||    22
       Potion            |       |       |     2 ||     2
 Stab: Sleeping          |     3 |     5 |       ||     8
  Eat: Chunk             |     4 |     7 |    17 ||    28
       Fruit             |       |       |     3 ||     3
Armor: Robe              |     4 |    10 |    11 ||    25
       Skin              |       |       |    10 ||    10
Dodge: Dodged            |    30 |    44 |    82 ||   156
